 Dungeon Crawl Stone Soup version 0.29.1-13-g9f3cf754e1 (webtiles) character file.

Game seed: 4509229884656121347

54 hbarley the Trooper (level 3, 0/33 HPs)
             Began as a Hill Orc Fighter on Jan 30, 2023.
             Slain by a gnoll
             ... wielding a +0 spear
              (5 damage)
             ... on level 2 of the Dungeon.
             The game lasted 00:03:36 (1630 turns).

hbarley the Trooper (Hill Orc Fighter)              Turns: 1630, Time: 00:03:36

Health: 0/33       AC:  6    Str: 18    XL:     3   Next: 91%
Magic:  3/3        EV: 10    Int:  8    God:
Gold:   7          SH:  4    Dex: 12    Spells: 2/2 levels left

rFire   . . .      SeeInvis .   a - +0 war axe
rCold   . . .      Faith    .   c - +0 buckler
rNeg    . . .      Spirit   .   f - +1 ring mail {Will+}
rPois   .          Reflect  .   (no helmet)
rElec   .          Harm     .   (no cloak)
rCorr   .          Rampage  .   (no gloves)
Will    +....                   (no boots)
Stlth   +.........              (no amulet)
HPRegen 0.11/turn               (no ring)
MPRegen 0.08/turn               (no ring)

@: mighty
A: no striking features
a: no special abilities


You were on level 2 of the Dungeon.
You visited 1 branch of the dungeon, and saw 2 of its levels.

You collected 35 gold pieces.
You spent 28 gold pieces at shops.

Inventory:

Hand Weapons
 a - a +0 war axe (weapon)
Armour
 b - a +0 scale mail
 c - a +0 buckler (worn)
 e - a +0 chain mail
 f - a +1 ring mail of willpower (worn)
Scrolls
 g - 3 scrolls of identify
 h - a scroll of immolation {unknown}
 i - a scroll of poison {unknown}
 k - a scroll of vulnerability {unknown}
 l - 3 scrolls of teleportation {unknown}
 m - a scroll of fog {unknown}
Potions
 j - a potion of flight {unknown}


   Skills:
 + Level 4.1 Fighting
 + Level 3.5 Axes
 + Level 3.9 Armour
 + Level 0.6 Dodging
 + Level 3.5 Shields


You had 2 spell levels left.
You didn't know any spells.
Your spell library was empty.

Dungeon Overview and Level Annotations

Branches:
Dungeon (2/15)

Altars:

Shops:
D:1 ?


Message History

You closely miss the adder.
You feel sick. The adder closely misses you. The adder barely misses you.
You hit the adder but do no damage.
You feel sick.
You are no longer poisoned.
The adder barely misses you. You block the adder's attack.
You closely miss the adder. The adder bites you but does no damage.
You miss the adder. You block the adder's attack. The adder closely misses you.
You barely miss the adder. The adder bites you but does no damage.
The adder bites you.
You miss the adder. The adder bites you but does no damage.
The adder misses you.
You slash the adder!
The adder is almost dead.
The adder bites you but does no damage. You block the adder's attack.
You feel very mighty all of a sudden. The adder bites you but does no damage.
You slash the adder!
You kill the adder!
The gnoll hits you with a +0 whip.
You closely miss the gnoll. The gnoll hits you with a +0 whip.
The gnoll hits you from afar with a +0 spear.
You hit the gnoll.
The gnoll is heavily wounded.
The gnoll hits you with a +0 whip.
* * * LOW HITPOINT WARNING * * *
The gnoll barely misses you.
You barely miss the gnoll.
The gnoll is heavily wounded.
The gnoll hits you but does no damage. x2; The gnoll hits you with a +0 whip.
* * * LOW HITPOINT WARNING * * *
The gnoll hits you but does no damage.
You hit the gnoll.
The gnoll is almost dead.
The gnoll hits you but does no damage. The gnoll hits you with a +0 whip.
* * * LOW HITPOINT WARNING * * *
You slice the gnoll!!
You kill the gnoll!
The gnoll misses you. The gnoll hits you with a +0 spear.
You die...

...>..#
..###.#####
#.........#####
..###.........#
...........##.#
.).[..#...###.####
#####.##.......$.#
#.##.####.##.#
#.##.# #.##@# #
#.##+# #.##g# #
#.. ..##g# ##.
####.# #.# #.. ...
##.


You could see 2 gnolls.

Vanquished Creatures
  A gnoll (D:2)
  An adder (D:2)
  A dart slug (D:2)
  5 bats
  3 endoplasms
  A giant cockroach (D:2)
  3 goblins (D:1)
  2 hobgoblins (D:1)
  3 quokkas
  4 ball pythons
  2 frilled lizards (D:1)
  3 kobolds
  4 rats
33 creatures vanquished.

Notes
Turn   | Place    | Note
-------+----------+-------------------------------------------
     0 | D:1      | hbarley the Hill Orc Fighter began the quest for the Orb.
     0 | D:1      | Reached XP level 1. HP: 19/19 MP: 1/1
   159 | D:1      | Reached skill level 4 in Fighting
   159 | D:1      | Reached XP level 2. HP: 26/27 MP: 2/2
   791 | D:1      | Found Abbuclot's Magic Scroll Emporium.
   805 | D:1      | Bought a scroll of identify for 28 gold pieces
  1024 | D:2      | Reached XP level 3. HP: 21/33 MP: 3/3
  1630 | D:2      | Slain by a gnoll

Illustrated notes

Levels and vault maps discovered:
D:1:      dpeg_arrival_court, layout_basic, serial_shops, shop
D:2:      layout_loops_corners

Skill      XL: |  1 |
---------------+----+-----
Axes           | 3 |  3.5
Fighting       | 4 |  4.1
Armour         | |  3.9
Dodging        | |  0.6
Shields        | |  3.5

Action                   || total
-------------------------++-------
Melee: War axe           ||   118
  Use: Potion            ||     1
Armor: Scale mail        ||    21
       Ring mail         ||    48
Dodge: Dodged            ||    78
Block: Buckler           ||    31
